 Dungeon Crawl Stone Soup version 0.29-a0-284-gf9362112df (webtiles) character file.

Game seed: 2009055401816738072

443 sammy202020 the Skirmisher (level 7, -1/66 HPs)
             Began as a Gargoyle Berserker on Mar 29, 2022.
             Was a Believer of Trog.
             Slain by Blork the orc
             ... wielding a +2 long sword of protection
              (8 damage)
             ... on level 4 of the Dungeon.
             The game lasted 00:06:42 (3904 turns).

sammy202020 the Skirmisher (Gargoyle Berserker)     Turns: 3904, Time: 00:06:43

Health: -1/66      AC: 18    Str: 20    XL:     7   Next: 2%
Magic:  7/7        EV:  5    Int: 14    God:    Trog [**....]
Gold:   205        SH:  6    Dex:  9    Spells: 6/6 levels left

rFire   . . .      SeeInvis .   a - +0 mace
rCold   . . .      Faith    .   q - +2 buckler
rNeg    + . .      Spirit   .   p - +0 plate armour
rPois   ∞          Reflect  .   (no helmet)
rElec   +          Harm     .   k - +0 cloak
rCorr   .          Rampage  .   (no gloves)
Will    ++...                   g - +0 pair of boots of Uzxoeg {Int+4}
Stlth   ..........              l - amulet of the acrobat
HPRegen 1.21/turn               (no ring)
MPRegen 0.10/turn               (no ring)

@: berserking, strong-willed, regenerating, very quick
A: sickness immunity, AC +4, negative energy resistance 1, electricity
resistance, torment resistance 1, petrification resistance
a: Renounce Religion, Berserk, Trog's Hand


You were on level 4 of the Dungeon.
You worshipped Trog.
Trog was pleased with you.
You visited 1 branch of the dungeon, and saw 4 of its levels.

You collected 205 gold pieces.

Inventory:

Hand Weapons
 a - a +0 mace (weapon)
Missiles
 j - 10 boomerangs (quivered)
 u - 4 curare-tipped darts
 v - 6 atropa-tipped darts
Armour
 g - the +0 pair of boots of Uzxoeg (worn) {Int+4}
   (You found it on level 2 of the Dungeon)

   Int:       It affects your intelligence (+4).
 h - a +0 kite shield
 k - a +0 cloak (worn)
 p - a +0 plate armour (worn)
 q - a +2 buckler (worn)
Jewellery
 l - an amulet of the acrobat (around neck)
Wands
 n - a wand of flame (13)
Potions
 b - a potion of haste
 c - a potion of might
 e - 2 potions of ambrosia
 f - a potion of curing
 o - 2 potions of heal wounds
 r - a potion of cancellation {unknown}
 s - a potion of brilliance {unknown}
 z - a potion of attraction {unknown}


   Skills:
 * Level 5.6 Fighting
 * Level 5.0 Maces & Flails
 + Level 3.8 Armour
 - Level 1.5 Dodging
 + Level 2.5 Shields


You had 6 spell levels left.
You didn't know any spells.
Your spell library was empty.

Dungeon Overview and Level Annotations

Branches:
Dungeon (4/15)
 Temple: D:4-7

Altars:
Makhleb

Shops:
D:1 (

Annotations:
D:4 Blork the orc


Innate Abilities, Weirdness & Mutations

You are immune to sickness and miasma.
Your stone body is resilient. (AC +4)
You are immune to poison.
You resist negative energy. (rN+)
You are resistant to electric shocks. (rElec)
You are resistant to unholy torment.
You are immune to petrification.


Message History

You hit Blork the orc.
Blork the orc is moderately wounded.
Blork the orc hits you but does no damage.
The adder bites you but does no damage.
Blork the orc hits you but does no damage.
The adder bites you but does no damage.
You closely miss Blork the orc.
Blork the orc is moderately wounded.
Blork the orc points at you and mumbles some strange words.
The puff of frost hits you. You block the adder's attack.
The endoplasm freezes you.
You are frozen.
You are too injured to fight recklessly!
You are too injured to fight recklessly!
You are too injured to fight recklessly!
You are too injured to fight recklessly!
You are too injured to fight recklessly!
You are too injured to fight recklessly!
You are too injured to fight recklessly!
You are too injured to fight recklessly!
You are too injured to fight recklessly!
You are too injured to fight recklessly!
You are too injured to fight recklessly!
You are too injured to fight recklessly!
You are too injured to fight recklessly!
Unknown command.
Your skin crawls.
You feel strong-willed.
Blork the orc hits you with a +2 long sword of protection!
* * * LOW HITPOINT WARNING * * *
The adder bites you but does no damage. The endoplasm freezes you.
You are frozen.
* * * LOW HITPOINT WARNING * * *
Blork the orc gestures at you while chanting.
The magic dart hits you but does no damage.
A red film seems to cover your vision as you go berserk!
You feel yourself moving faster!
You feel mighty! You block the adder's attack.
Blork the orc hits you with a +2 long sword of protection!
You die...

### ...####
... .......
.. ......
.. ..... #.
...# #.
...#
#S#o..#.#
#.@Jo...#
#..###..#
#..# #.<#
#......#
.....###...
####..#
#... .....


You could see Blork the orc (fast), an orc wizard, an adder and an endoplasm.

Vanquished Creatures
  Grinder (D:3)
  Crazy Yiuf (D:3)
  Jessica (D:3)
  Natasha (thrice) (D:3)
  5 adders
  3 worms
  2 dart slugs
  2 orcs (D:3)
  4 endoplasms
  3 giant cockroaches
  9 goblins
  8 hobgoblins
  3 jackals (D:1)
  3 quokkas (D:2)
  4 ball pythons
  A bat (D:2)
  3 frilled lizards
  6 kobolds
  7 rats
69 creatures vanquished.

Notes
Turn   | Place    | Note
-------+----------+-------------------------------------------
     0 | D:1      | sammy202020 the Gargoyle Berserker began the quest for the
                  | Orb.
     0 | D:1      | Reached XP level 1. HP: 14/14 MP: 1/1
   321 | D:1      | Reached XP level 2. HP: 19/19 MP: 2/2
   833 | D:1      | Found a faded altar of an unknown god.
   921 | D:1      | Found Mukoenam's Weapon Shop.
  1031 | D:2      | Reached XP level 3. HP: 23/24 MP: 3/3
  1175 | D:2      | Reached ** piety under Trog
  1504 | D:2      | Reached XP level 4. HP: 27/29 MP: 4/4
  1711 | D:2      | Found a burning altar of Makhleb.
  1859 | D:2      | Reached skill level 1 in Shields
  1950 | D:2      | Identified the +0 pair of boots of Uzxoeg {Int+4}
  2324 | D:3      | Noticed Natasha
  2331 | D:3      | Killed Natasha
  2332 | D:3      | Reached XP level 5. HP: 29/34 MP: 5/5
  2551 | D:3      | Noticed Natasha
  2560 | D:3      | Killed Natasha
  2655 | D:3      | Noticed Grinder
  2665 | D:3      | Paralysed by Grinder for 6 turns
  2682 | D:3      | Paralysed by Grinder for 6 turns
  2701 | D:3      | Killed Grinder
  2702 | D:3      | Reached skill level 5 in Fighting
  2702 | D:3      | Reached XP level 6. HP: 6/40 MP: 6/6
  2732 | D:3      | Noticed Jessica
  3252 | D:3      | Killed Jessica
  3492 | D:3      | Found a runed translucent door.
  3493 | D:3      | Noticed Crazy Yiuf
  3511 | D:3      | Noticed Natasha
  3522 | D:3      | Killed Natasha
  3523 | D:3      | Reached skill level 5 in Maces & Flails
  3710 | D:3      | Killed Crazy Yiuf
  3711 | D:3      | Reached XP level 7. HP: 33/44 MP: 7/7
  3892 | D:4      | Noticed Blork the orc
  3904 | D:4      | Slain by Blork the orc

Illustrated notes

Levels and vault maps discovered:
D:1:      onia_arrival_handbag, layout_basic,
          shapermc_ecumenical_altar_hornbeckon, serial_shops,
          nicolae_shop_bloodbath_and_beyond, st_stairs_12
D:2:      layout_basic, basic_altar, chequers_serial_rivers_small_a,
          minmay_randomly_rotated_circles
D:3:      layout_basic, uniq_grinder, uniq_natasha, uniq_jessica,
          uniq_crazy_yiuf_cottage
D:4:      layout_loops_cross, uniq_blork_the_orc, uniq_duvessa

Skill      XL: |  1  2  3  4  5  6 |
---------------+-------------------+-----
Fighting       | 4 5 |  5.6
Shields        | 1 2 |  2.5
Maces & Flails | 4 5 |  5.0
Armour         | 3 |  3.8
Dodging        | |  1.5

Action                   |  1- 3 |  4- 6 |  7- 9 || total
-------------------------+-------+-------+-------++-------
Melee: Mace              |   114 |   112 |     9 ||   235
Throw: Boomerang         |       |     5 |       ||     5
Invok: Berserk           |       |     2 |     1 ||     3
       Trog's Hand       |       |       |     1 ||     1
  Use: Potion            |       |     1 |       ||     1
       Scroll            |       |       |     9 ||     9
Armor: Animal skin       |    11 |       |       ||    11
       Chain mail        |    67 |    13 |       ||    80
       Plate armour      |       |    55 |    13 ||    68
Dodge: Dodged            |    49 |    25 |     3 ||    77
Block: Kite shield       |    31 |    14 |       ||    45
       Buckler           |       |    10 |     7 ||    17

Table legend: (Time is in decaauts)
 A = Elapsed time spent in this place.
 B = Non-inter-level travel time spent in this place.
 C = Inter-level travel time spent in this place.
 D = Time resting spent in this place.
 E = Time spent auto-exploring this place.
 F = Levels seen in this place.
 G = Mean time per level.
                   A        B        C        D        E       F      G
               +--------+--------+--------+--------+--------+-----+--------+
         Total |   4008 |   3977 |     31 |    527 |   2600 |   4 | 1002.0 |
       Dungeon |   4008 |   3977 |     31 |    527 |   2600 |   4 | 1002.0 |
               +--------+--------+--------+--------+--------+-----+--------+

Top non-repeatable levels by time:
     D:2: 1765 daAuts
     D:3: 1185 daAuts
     D:1: 1043 daAuts
     D:4: 15 daAuts
